Map: Backwater LE

Players

ILIEKEGGPIE - Winner!

  • Race: Protoss Protoss
  • League: Platinum
  • Spawn Location: 5:00

kiBOGami

  • Race: Protoss Protoss
  • League: Gold
  • Spawn Location: 11:00

VOD

Have the link to the VOD?

Description

Time

  • Played on: April 7, 2018, 11:53 p.m.
  • Length: 7:05
Show
View Real Time Build Order
Export as new Build Order

ILIEKEGGPIE Protoss - Winner!

Build Orders:  

Get SALT Encoding   

  12  0:01  Probe  
  13  0:13  Probe  
  14  0:18  Pylon  
  14  0:25  Probe (Chrono Boost)  
  15  0:37  Probe (Chrono Boost)  
  15  0:40  Gateway  
  16  0:47  Assimilator  
  16  0:48  Probe (Chrono Boost)  
  17  0:59  Probe  
  18  1:05  Gateway  
  18  1:20  Probe (Chrono Boost)  
  18  1:21  Pylon  
  19  1:32  Cybernetics Core  
  19  1:44  Probe  
  19  1:46  Assimilator  
  20  2:04  Probe  
  21  2:10  Robotics Facility  
  21  2:11  Warp Gate  
  21  2:17  Probe (Chrono Boost)  
  21  2:22  Stalker  
  24  2:28  Probe (Chrono Boost)  
  25  2:35  Stalker  
  27  2:38  Probe  
  28  2:47  Pylon  
  28  2:57  Observer  
  28  2:58  Stalker  
  30  3:17  Gateway  
  30  3:19  Gateway  
  30  3:25  Warp Prism  
  32  3:41  Pylon  
  32  3:46  Shield Battery  
  32  3:52  Stalker x2  
  36  4:10  Immortal (Chrono Boost)  
  40  4:30  Stalker x2  
  44  4:56  Stalker  
  46  5:34  Pylon  
  46  5:35  Pylon  
  46  5:41  Nexus  
  47  5:43  Observer  
  47  5:48  Pylon  
  47  5:50  Pylon  
  47  6:05  Stalker x3  
  47  6:06  Stalker  
  51  6:51  Zealot x4  
Show
View Real Time Build Order
Export as new Build Order

kiBOGami Protoss 

Build Orders: 1 Gate Expand, Dark Templar Rush 

Get SALT Encoding   

  12  0:01  Probe  
  13  0:15  Pylon  
  13  0:19  Probe  
  14  0:31  Probe  
  15  0:37  Gateway  
  15  0:43  Probe  
  16  1:12  Nexus  
  16  1:22  Probe  
  16  1:24  Zealot  
  19  1:39  Probe  
  20  1:40  Assimilator  
  20  1:44  Assimilator  
  20  1:52  Probe  
  20  1:54  Cybernetics Core  
  21  2:01  Pylon  
  21  2:04  Probe  
  22  2:16  Probe  
  23  2:26  Probe  
  23  2:28  Probe  
  25  2:32  Warp Gate  
  25  2:39  Twilight Council  
  25  2:40  Probe  
  26  2:56  Robotics Facility  
  26  2:58  Probe  
  27  2:59  Probe  
  28  3:10  Probe  
  28  3:11  Stalker  
  28  3:12  Probe  
  32  3:27  Assimilator  
  32  3:31  Assimilator  
  32  3:35  Dark Shrine  
  32  3:37  Probe  
  33  3:48  Warp Prism  
  35  3:49  Probe  
  36  3:57  Probe  
  36  4:01  Probe  
  38  4:09  Probe  
  39  4:13  Probe  
  40  4:21  Probe  
  40  4:23  Gateway  
  41  4:24  Gateway  
  41  4:25  Probe  
  42  4:34  Probe  
  43  4:49  Pylon  
  43  4:52  Pylon  
  37  5:05  Immortal  
  28  5:22  Dark Templar x2  
  31  5:31  Probe  
  27  5:43  Probe  
  27  5:48  Immortal  
  32  5:56  Probe, Dark Templar x2  
Tags
 
Matchup
PvP
Replay Pack
Multi
Spawn Locations
Cross Positions
Add a new tag
Caveats
  • Supply blocks, unpowered buildings, or Contaminate may cause inaccurate times.
  • Supply counts are checked every 10 seconds.